 Dungeon Crawl Stone Soup version 0.29.0-11-gd7f09526c8 (webtiles) character file.

Game seed: 3189518489102873175

170032 Flippered the Spry (level 17, -3/85 HPs)
             Began as a Spriggan Hunter on Sept 5, 2022.
             Was the Champion of Hepliaklqana.
             Killed from afar by a thorn hunter (24 damage)
             ... with a volley of thorns
             ... on level 4 of the Swamp on Sept 6, 2022.
             The game lasted 01:51:40 (27217 turns).

Flippered the Spry (Spriggan Hunter)               Turns: 27217, Time: 01:51:42

Health: -3/85      AC:  9    Str: 13    XL:     17   Next: 36%
Magic:  0/30       EV: 38    Int: 18    God:    Hepliaklqana [******]
Gold:   3239       SH: 10    Dex: 25    Spells: 18/29 levels left

rFire   . . .      SeeInvis +   a - +5 hand crossbow of the Mushroom {penet, *Slow Int+4 Stlth+}
rCold   . . .      Faith    .   Q - +1 buckler of Dawn {Harm rElec Regen+ Dex+2}
rNeg    . . .      Spirit   +   A - +0 troll leather armour
rPois   .          Reflect  .   H - +2 hat
rElec   +          Harm     +   o - +2 cloak
rCorr   +          Rampage  .   (gloves unavailable)
Will    ++...                   (boots unavailable)
Stlth   +++++++...              t - amulet of guardian spirit
HPRegen 0.00/turn               I - ring of Crawling {rCorr Str+6}
MPRegen 0.22/turn               N - +4 ring of evasion

@: lethally poisoned (-3 -> -23), inhibited regen, studying Long Blades, unable
to read, very quick
A: reduced essence, very small, no large weapons, unfitting armour, see
invisible, speed 3, high MP 1, inhibited regeneration, inability to read after
injury 1
a: Renounce Religion, Recall Ancestor, Ancestor Identity, Transference, Idealise


You were on level 4 of the Swamp.
You worshipped Hepliaklqana.
Hepliaklqana was exalted by your worship.
You visited 6 branches of the dungeon, and saw 30 of its levels.
You also visited: Ice Cave.

You collected 5452 gold pieces.
You spent 2213 gold pieces at shops.

Inventory:

Hand Weapons
 a - the +5 hand crossbow of the Mushroom (weapon) {penet, *Slow Int+4 Stlth+}
   (You acquired it on level 5 of the Lair of Beasts)

   Any ammunition fired by it passes through the targets it hits, potentially
   hitting all targets in its path until it reaches maximum range.
   Int:       It affects your intelligence (+4).
   *Slow:     It may slow you when you take damage.
   Stlth:     It makes you more stealthy.
 b - the +7 hand crossbow "Giurr" {elec, rN+ Str+7 Int+2 Dex-2}
   (You bought it in a shop on level 13 of the Dungeon)

   Any ammunition fired from it occasionally discharges a powerful burst of
   electricity upon striking a foe.
   Str:       It affects your strength (+7).
   Int:       It affects your intelligence (+2).
   Dex:       It affects your dexterity (-2).
   rN:        It protects you from negative energy.
 P - the +9 rapier "Murmur" {spect, rF++ Will++ SInv}
   (You found it on level 2 of the Spider Nest)

   When its wielder attacks, the weapon's spirit leaps out and strikes again.
   The spirit shares a part of any damage it takes with its wielder.
   rF:        It greatly protects you from fire.
   SInv:      It lets you see invisible.
   Will:      It greatly increases your willpower.
Missiles
 e - 6 curare-tipped darts
 r - 2 throwing nets
Armour
 o - a +2 cloak (worn)
 A - a +0 troll leather armour (worn)
 H - a +2 hat (worn)
 Q - the +1 buckler of Dawn (worn) {Harm rElec Regen+ Dex+2}
   (You acquired it on level 5 of the Lair of Beasts)

   Dex:       It affects your dexterity (+2).
   rElec:     It insulates you from electricity.
   Regen:     It increases your rate of health regeneration.
   Harm:      It increases damage dealt and taken.
Jewellery
 t - an amulet of guardian spirit (around neck)
 G - an amulet of reflection
 I - the ring of Crawling (left hand) {rCorr Str+6}
   (You found it in an ice cave)

   [ring of resist corrosion]

   Str:       It affects your strength (+6).
   rCorr:     It protects you from acid and corrosion.
 N - a +4 ring of evasion (right hand)
 S - a ring of protection from fire
 U - a +6 ring of intelligence
Wands
 q - a wand of light (15)
 y - a wand of mindburst (11)
 z - a wand of flame (98)
 E - a wand of iceblast (21)
 K - a wand of polymorph (12)
 L - a wand of paralysis (24)
 T - a wand of digging (28)
Scrolls
 c - 4 scrolls of fear
 h - 2 scrolls of silence
 i - 7 scrolls of immolation
 j - 14 scrolls of teleportation
 l - 2 scrolls of amnesia
 m - 5 scrolls of blinking
 B - 3 scrolls of enchant weapon
 D - 6 scrolls of fog
 F - 13 scrolls of identify
 J - 7 scrolls of magic mapping
 O - a scroll of enchant armour
 R - a scroll of summoning
 V - a scroll of brand weapon
Potions
 d - 2 potions of cancellation
 f - 9 potions of heal wounds
 g - 3 potions of berserk rage
 n - 4 potions of might
 p - 13 potions of curing
 s - 6 potions of flight
 u - 4 potions of brilliance
 v - 3 potions of lignification
 w - a potion of invisibility
 x - 2 potions of attraction
 C - 5 potions of ambrosia
 M - 2 potions of haste
Miscellaneous
 W - a phial of floods


   Skills:
 - Level 13.0 Fighting
 - Level 16.0 Ranged Weapons
 - Level 17.0 Dodging
 - Level 14.7 Stealth
 - Level 6.0 Shields
 + Level 6.8 Spellcasting
 + Level 14.0 Hexes
 - Level 5.0 Translocations
 - Level 8.0 Transmutations
 - Level 0.2 Ice Magic
 - Level 7.0 Invocations
 - Level 12.0 Evocations


You had 18 spell levels left.
You knew the following spells:

 Your Spells              Type           Power      Damage    Failure   Level
a - Blink                 Tloc           48%        N/A       5%          2
b - Wereblood             Tmut           34%        N/A       1%          2
c - Ensorcelled Hibernat  Hex/Ice        62%        N/A       2%          2
d - Yara's Violent Unrav  Hex/Tmut       22%        3d10      9%          5

Your spell library contained the following spells:

 Spells                   Type           Power      Damage    Failure   Level
 Beastly Appendage        Tmut           68%        N/A       1%          1
 Confusing Touch          Hex            54%        N/A       1%          3
 Dazzling Flash           Conj/Hex       62%        N/A       4%          3
 Summon Guardian Golem    Hex/Summ       31%        N/A       4%          3
 Sting                    Tmut/Pois      80%        1d7       5%          1
 Passwall                 Tmut/Erth      16%        N/A       8%          2
 Lesser Beckoning         Tloc           24%        N/A       11%         3
 Spider Form              Tmut/Pois      20%        N/A       16%         3
 Anguish                  Hex/Necr       15%        N/A       16%         4
 Fulminant Prism          Conj/Hex       15%        3d11      16%         4
 Freeze                   Ice            24%        1d5       26%         1
 Summon Small Mammal      Summ           24%        N/A       26%         1
 Ignite Poison            Fire/Tmut/Pois 15%        N/A       26%         3
 Blade Hands              Tmut           17%        N/A       28%         5
 Poisonous Vapours        Pois/Air       12%        N/A       38%         2
 Scorch                   Fire           12%        2d5       38%         2
 Metabolic Englaciation   Hex/Ice        15%        N/A       38%         5
 Silence                  Hex/Air        15%        N/A       38%         5
 Ice Form                 Ice/Tmut       20%        N/A       45%         4
 Frozen Ramparts          Ice            12%        1d2       58%         3
 Ozocubu's Armour         Ice            6%         N/A       58%         3
 Enfeeble                 Hex            27%        N/A       58%         7
 Call Canine Familiar     Summ           6%         N/A       63%         3
 Mephitic Cloud           Conj/Pois/Air  6%         N/A       63%         3
 Stone Arrow              Conj/Erth      12%        3d7       63%         3
 Swiftness                Air            6%         N/A       63%         3
 Iskenderun's Mystic Bla  Conj/Tloc      15%        2d5       67%         4
 Manifold Assault         Tloc           24%        N/A       67%         5
 Irradiate                Conj/Tmut      10%        3d15      82%         5
 Flame Wave               Conj/Fire      6%         2d5       95%         4
 Hailstorm                Conj/Ice       6%         3d4       95%         4
 Olgreb's Toxic Radiance  Pois           6%         N/A       95%         4
 Sticky Flame             Conj/Fire      6%         2d3       95%         4
 Summon Ice Beast         Ice/Summ       6%         N/A       95%         4
 Agony                    Necr           6%         N/A       100%        5
 Fireball                 Conj/Fire      3%         3d4       100%        5
 Freezing Cloud           Conj/Ice/Air   3%         6-21      100%        5
 Iskenderun's Battlesphe  Conj           6%         2d6       100%        5
 Lee's Rapid Deconstruct  Erth           3%         3d6*      100%        5
 Iron Shot                Conj/Erth      3%         9d2       100%        6
 Simulacrum               Ice/Necr       3%         N/A       100%        6
 Starburst                Conj/Fire      3%         6d3       100%        6
 Summon Cactus Giant      Summ           3%         N/A       100%        6
 Dragon Form              Tmut           17%        N/A       100%        7
 Orb of Destruction       Conj           3%         9d5       100%        7
 Spellforged Servitor     Conj/Summ      3%         N/A       100%        7
 Ignition                 Fire           3%         3d4       100%        8
 Lehudib's Crystal Spear  Conj/Erth      3%         10d2      100%        8
 Chain Lightning          Conj/Air       3%         3d4       100%        9
 Fire Storm               Conj/Fire      3%         8d1       100%        9
 Shatter                  Erth           3%         3d7*      100%        9


Dungeon Overview and Level Annotations

Branches:
Dungeon (15/15)            Temple (0/1) D:6            Lair (5/5) D:11
  Swamp (4/4) Lair:2       Spider (3/4) Lair:3        Slime (0/5) Lair:4
    Orc (2/2) D:12            Elf (0/3) Orc:2        Vaults (0/5) D:14
 Depths (1/4) D:15          IceCv (visited)

Altars:
Cheibriados
Elyvilon
Hepliaklqana
Kikubaaqudgha
Makhleb
Nemelex Xobeh
Qazlal
Ru
Uskayaw
Xom
The Shining One

Shops:
D:10 [   D:13 (   Orc:2 *![(?

Portals:
Trove: D:13 (give +7 demon trident)


Innate Abilities, Weirdness & Mutations

Your life essence is reduced to manifest your ancestor. (-10% HP)
You are very small and have problems with some larger weapons.
You are too small for most types of armour.
You have supernaturally acute eyesight. (SInv)
You cover ground extremely quickly. (Speed+++)
You have an increased reservoir of magic. (+10% MP)
You do not regenerate when monsters are visible.
You occasionally lose the ability to read scrolls when taking damage.


Message History

The five-headed hydra is heavily wounded.
You hear a roar!
The briar patch crumbles away.
The thorn hunter fires a volley of thorns at you.
The volley of thorns hits Paulus!!
Paulus is destroyed!
You hear a roar!
The swamp dragon roars deafeningly!
Save game and exit?
Welcome back, Flippered the Spriggan Hunter.
Hepliaklqana says: Your past becomes your present!
Press ? for a list of commands and other information.
Fire: a) +5 hand crossbow of the Mushroom {penet, *Slow Int+4 Stlth+}
Press: ? - help, Q - select action, (/) - cycle Shift-Dir - straight line, f - swamp dragon
Aim: a swamp dragon (83% to hit)
You shoot a bolt.
The bolt pierces through the thorn hunter!!
The thorn hunter is almost destroyed.
The bolt pierces through the five-headed hydra!!
The five-headed hydra is almost dead.
The bolt pierces through the swamp dragon!
The swamp dragon is moderately wounded.
The bolt pierces through the swamp dragon!
The swamp dragon is lightly wounded.
You hear a deafening roar! x2; You hear a roar!
You hear a deafening roar!
You hear a roar!
You enter the shallow water.
Moving in this stuff is going to be slow.
The briar patch crumbles away.
The briar patch crumbles away. x2
The thorn hunter fires a volley of thorns at you.
The volley of thorns hits you!!
You feel threatened and lose the ability to read scrolls!
The swamp dragon breathes poison at you.
You are engulfed in poison gas.
You are poisoned.
* * * LOW HITPOINT WARNING * * *
x2 You feel very sick.
The thorn hunter fires a volley of thorns at you.
The volley of thorns hits you!!
You die...

*** ♣♣♣*♣♣♣♣♣♣♣♣♣♣
*,**♣~~~♣.~...~♣~♣ **
,~,*.~~~.§~○○.♣~.♣ ***~
*~~,.~..§~~.♣♣~~♣♣♣♣♣♣ *,~~
,~~,.♣♣♣♣♣..f...♣♣P.<♣♣♣ *,~~
,,,,*~*~♣.D☼§○○°~P.~~♣~♣♣ *,~~
,~,,,~†~.~†~~~°☼○P~P~~}~♣ **,,
,~,,,##†##~~~D○○@PPP....♣♣♣ **,
,,,**#D.,##♣.~...○~P~....~♣ **~
,~~*#k.,,,*#~..~.~~~†~§~~♣♣****,~
~,**.D,,,,,#♣♣~.~~~~§~~~.♣*,,,,~~
~***,,,,,,,**#~~..~~~...♣♣*,,,,,~
~**,,,,,,,,,*#♣...~~~~~~~♣*~,,~~,
***,,,,,,,,,*#♣~...~~~~~.♣*,,,~~,
***,,,,,,,,,*#.§~.♣.~~~~.~~,~~~~,
~***,,,,,,,**♣~...♣♣♣♣~♣.~~~~~~~~


You could see a thorn hunter, a five-headed hydra and a swamp dragon (catching
breath).

Vanquished Creatures
  Rupert (Lair:4)
  A thorn hunter (Swamp:4)
  A broodmother (Spider:2)
  A stone giant (D:15)
  Nessos (D:13)
  An ironbound preserver (D:14)
  5 eleionomae
  A bunyip (Swamp:3)
  An entropy weaver (Spider:2)
  Josephine (Spider:1)
  A fire dragon (Lair:5)
  21 hydras
  9 boulder beetles
  A jorogumo (Spider:2)
  An ogre mage (D:15)
  7 centaur warriors
  2 radroaches (Spider:2)
  3 two-headed ogres
  A death knight (D:13)
  3 alligators
  2 tengu warriors (D:15)
  12 death yaks
  2 spriggans
  Sonja (D:10)
  The ghost of MoonlitKnight the Carver, a novice MfGl of the Shining One (D:7)
  2 sun moths (Spider:2)
  5 skeletal warriors (D:13)
  4 steelbarb worms
  4 goliath frogs
  4 pharaoh ants
  A spriggan druid (Swamp:1)
  3 swamp dragons
  A bog body (Swamp:2)
  7 orb spiders
  A phantasmal warrior (D:13)
  A wizard (D:14)
  An orc knight (Orc:2)
  11 wolf spiders
  A necromancer (IceCv)
  13 ugly things
  4 cyclopes
  A manticore (D:15)
  A deep elf pyromancer (D:14)
  9 orc sorcerers
  A will-o-the-wisp (Swamp:1)
  A moth of wrath (Spider:2)
  7 elephants
  2 ice statues (IceCv)
  2 black mambas
  Maurice (Orc:2)
  A gargoyle (D:12)
  An unseen horror zombie (D:7)
  An efreet (D:14)
  6 cane toads
  A tengu conjurer (D:13)
  2 freezing wraiths
  8 rime drakes
  8 komodo dragons
  2 demonic crawlers (Spider:2)
  4 ice devils (IceCv)
  2 kobold demonologists
  2 anaconda simulacra (IceCv)
  A bloated husk (Swamp:1)
  6 trolls
  An unseen horror skeleton (D:7)
  12 polar bears
  8 hornets
  A tarantella (shapeshifter) (D:15)
  10 tarantellas
  6 tyrant leeches
  7 dream sheep
  14 blink frogs
  8 jumping spiders
  4 raiju (Lair:5)
  A slime creature (D:14)
  A centaur simulacrum (D:14)
  Sigmund (D:3)
  8 culicivoras
  A vampire (D:14)
  A water elemental (Depths:1)
  2 wyverns
  2 dire elephant simulacra (IceCv)
  A fire elemental (D:15)
  38 yaks
  Grum (D:10)
  4 hogs (Spider:1)
  4 wraiths
  7 basilisks
  11 wargs
  21 redbacks
  16 vampire mosquitoes
  3 steam dragons
  3 harpy simulacra (IceCv)
  13 swamp worms
  2 acid dragons
  10 water moccasins
  14 hell hounds
  An ice beast (D:5)
  2 swamp drakes
  13 orc warriors
  12 black bears
  23 wolves
  14 centaurs
  6 ogres
  2 phantoms
  4 kobold brigands
  2 bullfrogs
  A gnoll sergeant (D:9)
  A necrophage (D:8)
  3 scorpions
  3 wights (D:7)
  6 killer bees (D:11)
  3 electric eels
  9 howler monkeys
  2 hounds (D:5)
  2 jellies
  9 orc priests
  A centaur skeleton (D:7)
  2 gnoll boudas
  8 iguanas
  33 orc wizards
  A wolf simulacrum (IceCv)
  18 gnolls
  11 adders
  A naga simulacrum (IceCv)
  3 white imps
  2 ufetubi
  A worm (D:2)
  A dart slug (D:2)
  74 orcs
  7 ball pythons
  5 bats
  4 endoplasms
  5 giant cockroaches
  6 hobgoblins
  2 jackals (D:1)
  21 kobolds
  3 quokkas
  5 frilled lizards
  13 goblins
  9 rats
  A spectral orc (D:6)
  A briar patch (Swamp:4)
806 creatures vanquished.

Vanquished Creatures (collateral kills)
  Mlioglotl (Spider:1)
  Kirke (Spider:1)
  A stone giant (D:15)
  2 bunyips (Swamp:2)
  Azrael (D:15)
  5 hydras
  A tengu warrior (D:13)
  3 death yaks
  A skeletal warrior (D:13)
  A goliath frog (Swamp:3)
  2 orb spiders
  A spriggan druid (Swamp:3)
  A bog body (IceCv)
  2 wolf spiders
  A will-o-the-wisp (Swamp:2)
  2 ugly things (D:15)
  A cyclops (D:12)
  3 elephants
  A torpor snail (Spider:2)
  3 cane toads (Lair:5)
  A komodo dragon (Lair:2)
  An unseen horror (shapeshifter) (D:15)
  A freezing wraith (IceCv)
  An ice devil (IceCv)
  4 tyrant leeches
  3 polar bears
  2 trolls
  2 blink frogs
  A raiju (Lair:5)
  3 spriggans
  2 jumping spiders (Spider:2)
  4 culicivoras (Spider:1)
  A wraith (Spider:1)
  A basilisk (Lair:5)
  A hog (Spider:1)
  5 yaks
  2 fire elementals (D:15)
  6 redbacks
  A vampire mosquito (D:13)
  A warg (Lair:5)
  3 hydra simulacra (IceCv)
  A water moccasin (Lair:5)
  A swamp drake (Swamp:4)
  An orc warrior (Orc:1)
  8 wolves
  4 centaurs
  A gnoll sergeant (D:9)
  2 killer bees (D:11)
  An orc wizard (Orc:2)
  A polar bear simulacrum (IceCv)
  A gnoll (D:9)
  3 orcs
104 creatures vanquished.

Vanquished Creatures (others)
  An ancestor (D:9)
  9 knights
  An orc wizard (Orc:2)
  An orc (D:12)
  6 foxfires (Swamp:2)
  11 fungi
  44 plants
73 creatures vanquished.

Grand Total: 983 creatures vanquished

Notes
Turn   | Place    | Note
-------+----------+-------------------------------------------
     0 | D:1      | Flippered the Spriggan Hunter began the quest for the Orb.
     0 | D:1      | Reached XP level 1. HP: 10/10 MP: 2/2
   289 | D:1      | Reached XP level 2. HP: 15/15 MP: 3/3
   624 | D:1      | Reached XP level 3. HP: 16/18 MP: 4/4
   917 | D:2      | Reached skill level 5 in Ranged Weapons
  1409 | D:2      | Noticed a scorpion
  1423 | D:2      | Killed a scorpion
  1424 | D:2      | Reached XP level 4. HP: 23/23 MP: 5/5
  1782 | D:2      | Found a faded altar of an unknown god.
  1894 | D:2      | Reached XP level 5. HP: 27/27 MP: 6/6
  3259 | D:3      | Reached XP level 6. HP: 32/32 MP: 7/7
  3264 | D:3      | Noticed Sigmund
  3292 | D:3      | Killed Sigmund
  3973 | D:4      | Reached XP level 7. HP: 37/37 MP: 8/8
  3988 | D:4      | Identified the +1 ring mail of Erphihaeh {*Corrode rN+++
                  | Will++ Dex-2}
  5002 | D:5      | Entered Level 5 of the Dungeon
  5810 | D:5      | Reached XP level 8. HP: 42/42 MP: 9/9
  5981 | D:6      | Found a staircase to the Ecumenical Temple.
  6136 | D:6      | Reached skill level 5 in Fighting
  6312 | D:6      | Found a hazy altar of Hepliaklqana.
  6915 | D:7      | Identified 3 scrolls of acquirement
  6915 | D:7      | Acquired 1022 gold pieces
  6917 | D:7      | Acquired a manual of Ranged Weapons
  7006 | D:6      | Became a worshipper of Hepliaklqana the Forgotten
  7168 | D:7      | Found a runed translucent gate.
  7220 | D:7      | Found a runed translucent gate.
  7220 | D:7      | Found a runed translucent gate.
  7220 | D:7      | Noticed MoonlitKnight's ghost (novice MfGl)
  7225 | D:7      | Reached skill level 10 in Ranged Weapons
  7231 | D:7      | Reached skill level 3 in Dodging
  7438 | D:7      | Reached XP level 9. HP: 36/48 MP: 8/10
  7633 | D:7      | Reached skill level 4 in Dodging
  7690 | D:6      | Acquired 1261 gold pieces
  7915 | D:7      | Killed MoonlitKnight's ghost
  7916 | D:7      | Reached skill level 5 in Dodging
  8016 | D:8      | Reached skill level 6 in Dodging
  8039 | D:8      | Learned a level 2 spell: Blink
  8058 | D:8      | Reached skill level 1 in Translocations
  8490 | D:8      | Reached * piety under Hepliaklqana
  8515 | D:8      | Found a white marble altar of Elyvilon.
  8527 | D:8      | Found a sparkling altar of Nemelex Xobeh.
  8531 | D:8      | Found a shimmering altar of Xom.
  8533 | D:8      | Found an ancient bone altar of Kikubaaqudgha.
  8534 | D:8      | Found a hide-covered altar of Uskayaw.
  8535 | D:8      | Found a sacrificial altar of Ru.
  8536 | D:8      | Found a burning altar of Makhleb.
  8636 | D:8      | Found a snail-covered altar of Cheibriados.
  8636 | D:8      | Found a glowing golden altar of the Shining One.
  8716 | D:9      | Noticed a troll
  8875 | D:9      | Reached XP level 10. HP: 47/47 MP: 11/11
  8940 | D:9      | Reached skill level 5 in Translocations
  8953 | D:9      | Reached skill level 7 in Dodging
  9395 | D:10     | Entered Level 10 of the Dungeon
  9510 | D:10     | Reached skill level 8 in Dodging
  9735 | D:10     | Noticed Grum
  9791 | D:10     | Killed Grum
  9840 | D:10     | Reached skill level 9 in Dodging
  9869 | D:10     | Found Avysino's Antique Armour Shop.
  9953 | D:10     | Noticed Sonja
  9962 | D:10     | Killed Sonja
  9963 | D:10     | Reached XP level 11. HP: 54/54 MP: 12/12
  9985 | D:10     | Reached ** piety under Hepliaklqana
  9987 | D:10     | Remembered your ancestor Paulus as a knight
 10037 | D:10     | Noticed a boulder beetle
 10060 | D:10     | Killed a boulder beetle
 10061 | D:10     | Reached skill level 15 in Ranged Weapons
 10140 | D:10     | Reached skill level 10 in Dodging
 10692 | D:11     | Found a stormy altar of Qazlal.
 10724 | D:11     | Noticed a two-headed ogre
 10729 | D:11     | Killed a two-headed ogre
 10756 | D:11     | Noticed a boulder beetle
 10808 | D:11     | Killed a boulder beetle
 10853 | D:11     | Noticed a death yak
 10995 | D:11     | Identified the +0 trident "Felyxt" {speed, rPois rN+}
 11151 | D:11     | Noticed a death yak
 11151 | D:11     | Noticed a death yak
 11168 | D:11     | Killed a death yak
 11170 | D:11     | Noticed a death yak
 11172 | D:11     | Killed a death yak
 11173 | D:11     | Reached skill level 11 in Dodging
 11175 | D:11     | Noticed a death yak
 11189 | D:11     | Noticed a death yak
 11328 | D:11     | Found a staircase to the Lair.
 11407 | D:11     | Noticed a two-headed ogre
 11413 | D:11     | Killed a two-headed ogre
 11470 | D:11     | Reached skill level 5 in Stealth
 11884 | D:12     | Reached *** piety under Hepliaklqana
 11961 | D:12     | Found a frozen archway.
 11976 | IceCv    | Entered an ice cave
 12089 | IceCv    | Reached XP level 12. HP: 35/59 MP: 6/13
 12307 | IceCv    | Reached skill level 12 in Dodging
 12722 | IceCv    | Identified the ring of Crawling {rCorr Str+6}
 12931 | D:12     | Killed a death yak
 13003 | D:12     | Killed a death yak
 13081 | D:12     | Reached skill level 13 in Dodging
 13082 | D:12     | Reached skill level 10 in Fighting
 13109 | D:12     | Found a staircase to the Orcish Mines.
 13620 | Lair:1   | Entered Level 1 of the Lair of Beasts
 13657 | Lair:1   | Reached skill level 10 in Stealth
 13696 | Lair:1   | Noticed a four-headed hydra
 13702 | Lair:1   | Killed a four-headed hydra
 13727 | Lair:1   | Reached **** piety under Hepliaklqana
 14438 | Lair:2   | Reached skill level 14 in Dodging
 14515 | Lair:2   | Reached XP level 13. HP: 64/64 MP: 14/14
 14666 | Lair:2   | You fall into a shaft and drop 2 floors!
 14720 | Lair:4   | Reached ***** piety under Hepliaklqana
 14874 | Lair:4   | Noticed Rupert
 14912 | Lair:4   | Killed Rupert
 15026 | Lair:4   | Reached skill level 15 in Dodging
 15241 | Lair:4   | Found a staircase to the Slime Pits.
 15721 | Lair:3   | Found a hole to the Spider Nest.
 15847 | Lair:3   | Acquired a manual of Long Blades
 16181 | Lair:2   | Identified the +5 dagger "Lueptuxt" {vamp, *Slow Int+7
                  | Dex+2}
 16609 | Lair:2   | Found a staircase to the Swamp.
 16722 | Lair:3   | Reached skill level 1 in Invocations
 16805 | Lair:3   | Reached skill level 16 in Dodging
 17225 | Lair:5   | Entered Level 5 of the Lair of Beasts
 17232 | Lair:5   | Reached XP level 14. HP: 71/71 MP: 13/16
 17339 | Lair:5   | Acquired the +5 hand crossbow of the Mushroom {penet, *Slow
                  | Int+4 Stlth+}
 17777 | Lair:5   | Reached skill level 5 in Invocations
 18154 | Lair:5   | Reached skill level 17 in Dodging
 18341 | Lair:5   | Acquired the +1 buckler of Dawn {Harm rElec Regen+ Dex+2}
 18484 | Lair:5   | Reached skill level 1 in Shields
 18933 | Orc:1    | Entered Level 1 of the Orcish Mines
 18947 | Orc:1    | Reached ****** piety under Hepliaklqana
 19353 | Orc:2    | Entered Level 2 of the Orcish Mines
 19353 | Orc:2    | Found a staircase to the Elven Halls.
 19396 | Orc:2    | Noticed Maurice
 19398 | Orc:2    | Killed Maurice
 19408 | Orc:2    | Found Tixtacra's Magic Scroll Shoppe.
 19469 | Orc:2    | Found Vesch's Weapon Shoppe.
 19481 | Orc:2    | Found Ufoshrot's Armour Shop.
 19601 | Orc:2    | Found Fuhonorum's Distillery.
 19642 | Orc:2    | Found Nunioha's Assorted Antiques.
 19648 | Orc:2    | Reached XP level 15. HP: 76/76 MP: 21/21
 19717 | Orc:2    | Learned a level 3 spell: Ozocubu's Armour
 19720 | Orc:2    | Learned a level 2 spell: Ensorcelled Hibernation
 19724 | Orc:2    | Learned a level 3 spell: Frozen Ramparts
 20087 | Orc:2    | Bought a scroll of fear for 52 gold pieces
 20087 | Orc:2    | Bought a scroll of magic mapping for 97 gold pieces
 20087 | Orc:2    | Bought a scroll of fear for 52 gold pieces
 20151 | Orc:2    | Bought a potion of curing for 39 gold pieces
 20151 | Orc:2    | Bought a potion of cancellation for 104 gold pieces
 20160 | Orc:2    | Bought a wand of iceblast (3) for 180 gold pieces
 20160 | Orc:2    | Bought a potion of brilliance for 100 gold pieces
 20160 | Orc:2    | Bought 2 scrolls of teleportation for 150 gold pieces
 20160 | Orc:2    | Bought a scroll of magic mapping for 187 gold pieces
 20259 | D:13     | Found Dedd's Weapon Shoppe.
 20266 | D:13     | Bought the +7 hand crossbow "Giurr" {elec, rN+ Str+7 Int+2
                  | Dex-2} for 1252 gold pieces
 20304 | D:13     | Reached skill level 1 in Hexes
 20304 | D:13     | Reached skill level 1 in Evocations
 20339 | D:13     | Found a portal to a secret trove of treasure.
 20614 | D:13     | You fall into a shaft and drop 2 floors!
 20614 | D:15     | Entered Level 15 of the Dungeon
 20771 | D:13     | Noticed Nessos
 20776 | D:13     | Killed Nessos
 20782 | D:13     | Reached skill level 5 in Shields
 21204 | D:14     | Found a sparkling altar of Nemelex Xobeh.
 21326 | D:14     | Found a gate to the Vaults.
 21435 | D:14     | Reached skill level 5 in Evocations
 21488 | D:14     | Reached skill level 5 in Hexes
 21918 | D:15     | Learned a level 2 spell: Wereblood
 21924 | D:15     | Learned a level 5 spell: Yara's Violent Unravelling
 21941 | D:15     | Noticed Azrael
 21946 | D:15     | Reached skill level 1 in Transmutations
 21946 | D:15     | Killed Azrael
 22641 | D:15     | Reached skill level 5 in Transmutations
 22658 | D:15     | Found a staircase to the Depths.
 22671 | Depths:1 | Entered Level 1 of the Depths
 22879 | Swamp:1  | Entered Level 1 of the Swamp
 22889 | Swamp:1  | Reached XP level 16. HP: 81/81 MP: 22/22
 23076 | Spider:1 | Entered Level 1 of the Spider Nest
 23161 | Spider:1 | Noticed Kirke
 23174 | Spider:1 | Killed Kirke
 23193 | Spider:1 | Noticed Mlioglotl
 23201 | Spider:1 | Killed Mlioglotl
 23276 | Spider:1 | Noticed Josephine
 23279 | Spider:1 | Killed Josephine
 23341 | Spider:1 | Reached skill level 10 in Evocations
 23675 | Spider:2 | Identified the +9 rapier "Murmur" {spect, rF++ Will++ SInv}
 23776 | Spider:2 | Reached skill level 10 in Hexes
 23806 | Spider:2 | Got Cerebov's Discursus on Damage Dealing
 24151 | Spider:2 | Found the +9 heavy crossbow "Sniper" {vorpal, Acc+∞ SInv}
 25194 | Spider:3 | Paralysed by a jorogumo for 1 turns
 26046 | Swamp:2  | Reached skill level 1 in Spellcasting
 26106 | Swamp:2  | Reached XP level 17. HP: 85/85 MP: 23/23
 26825 | Swamp:3  | Reached skill level 5 in Spellcasting
 26828 | Swamp:3  | Gained mutation: You are frail. (-10% HP) [potion of
                  | mutation]
 26828 | Swamp:3  | Gained mutation: Your system is resistant to poisons.
                  | (rPois) [potion of mutation]
 26828 | Swamp:3  | Gained mutation: You are agile. (Dex +4, Str/Int -1)
                  | [potion of mutation]
 27043 | Swamp:3  | Lost mutation: You are agile. (Dex +4, Str/Int -1) [potion
                  | of mutation]
 27043 | Swamp:3  | Lost mutation: You are frail. (-10% HP) [potion of
                  | mutation]
 27043 | Swamp:3  | Lost mutation: Your system is resistant to poisons. (rPois)
                  | [potion of mutation]
 27043 | Swamp:3  | Gained mutation: Your mind is acute. (Int +4, Str/Dex -1)
                  | [potion of mutation]
 27043 | Swamp:3  | Gained mutation: You are clumsy. (Dex -2) [potion of
                  | mutation]
 27044 | Swamp:3  | Lost mutation: Your mind is acute. (Int +4, Str/Dex -1)
                  | [potion of mutation]
 27044 | Swamp:3  | Lost mutation: You are clumsy. (Dex -2) [potion of
                  | mutation]
 27044 | Swamp:3  | Gained mutation: You occasionally lose the ability to read
                  | scrolls when taking damage. [potion of mutation]
 27044 | Swamp:3  | Gained mutation: You are strong-willed. (Will+) [potion of
                  | mutation]
 27045 | Swamp:3  | Lost mutation: You are strong-willed. (Will+) [potion of
                  | mutation]
 27045 | Swamp:3  | Lost mutation: You occasionally lose the ability to read
                  | scrolls when taking damage. [potion of mutation]
 27045 | Swamp:3  | Gained mutation: You have an increased reservoir of magic.
                  | (+10% MP) [potion of mutation]
 27045 | Swamp:3  | Gained mutation: You occasionally lose the ability to read
                  | scrolls when taking damage. [potion of mutation]
 27045 | Swamp:3  | Gained mutation: You do not regenerate when monsters are
                  | visible. [potion of mutation]
 27079 | Swamp:4  | Entered Level 4 of the Swamp
 27217 | Swamp:4  | Killed from afar by a thorn hunter

Illustrated notes

Levels and vault maps discovered:
D:1:      wander_arrival_estate, layout_basic, minmay_misc_feat_tower,
          nrook_mini_backslash
D:2:      layout_loops_ring, hellmonk_ecumenical_altar_pennies_from_heaven,
          serial_co_window_serial, co_window_paths_a,
          co_window_of_opportunity_a, co_window_corner_a, co_window_corner_a,
          co_window_corner_a, co_window_corner_b, co_window_broadway_b,
          co_window_2corner, co_window_unsneaky_path_a, co_window_broadway_a,
          co_window_of_opportunity_b, co_window_2corner, glass_columns_b,
          glass_columns_a
D:3:      layout_basic, uniq_sigmund
D:4:      layout_loops_corners
D:5:      layout_loops_ring
D:6:      layout_gridville, nicolae_hepliaklqana_monster_ancestors,
          minmay_temple_entry_mini_moons
D:7:      layout_basic, gammafunk_ghost_necromancy, small_statue_intersection,
          st_stairs_12
D:8:      layout_rooms, minitemple, nicolae_overflow_two_pavilions
D:9:      layout_rooms
D:10:     layout_basic, dreamdust_wishing_well, minmay_shop_grid_forest,
          uniq_grum, uniq_sonja
D:11:     layout_layer_cave, dpeg_lair_monsters, grunt_qazlal_sundering
D:12:     layout_cave_pods, david_orc_3, portal_ice_cave_rime
D:13:     layout_small_grid, serial_shops, nicolae_shop_bloodbath_and_beyond,
          enter_trove_0, uniq_nessos
D:14:     layout_roguey, skrybe_vaults_entry_preservation,
          nemelex_diamond_rough_becter, kennysheep_opposing_triangles
D:15:     grunt_enter_depths_snipers, layout_irregular_city,
          chequers_serial_rivers_micro_c, uniq_azrael
Lair:1:   layout_regular_city
Lair:2:   layout_hall_layers, palyth_hydra_swamp_entry, serial_bayou_shore_a
Lair:3:   layout_cave_pods, spider_nest_entry_funnel_web
Lair:4:   layout_regular_city, slime_entry_1, forest_entry_grove, uniq_rupert
Lair:5:   guppyfry_lair_end_dragon, layout_cave_shapes,
          hangedman_lair_caniforms_friends, grunt_megastairs_4
Swamp:1:  layout_basic_swamp, hangedman_swamp_pad
Swamp:2:  layout_basic_swamp, nicolae_swamp_feature_on_the_river_bank
Swamp:3:  layout_falls_marsh, evilmike_swamp_ruin_house_4
Swamp:4:  swamp, layout_basic_swamp, gammafunk_ghost_arena
Spider:1: layout_spider_delve, uniq_mlioglotl, uniq_kirke, uniq_josephine
Spider:2: layout_chambers, hangedman_spider_trapstep
Spider:3: spiders_nest_scorpion_pit, drop_trap, nicolae_spider_orb_run,
          uniq_agnes, uniq_nikola
Orc:1:    layout_caves
Orc:2:    st_orc_town, layout_caves, serial_shops, shop_statue, mines2_david,
          uniq_maurice
Depths:1: layout_cave_pools, enter_ziggurat_b, nicolae_dithmenos_shadow_blocks,
          hangedman_tar_grid_catacomb, st_stairs_1, horrible_house_mu,
          minmay_shop_grove

Skill      XL: |  1  2  3  4  5  6  7  8  9 10 11 12 13 14 15 16 17 |
---------------+----------------------------------------------------+-----
Fighting       | 2 3 4 5 6 8 9 10 11 12 13 | 13.0
Ranged Weapons | 5 6 7 8 10 13 14 16 | 16.0
Dodging        | 3 6 9 11 14 16 17 | 17.0
Translocations | 3 5 |  5.0
Stealth        | 6 11 14 | 14.7
Invocations    | 2 7 |  7.0
Shields        | 3 6 |  6.0
Hexes          | 7 12 14 | 14.0
Evocations     | 7 12 | 12.0
Transmutations | 5 8 |  8.0
Spellcasting   | 2 6 |  6.8
Ice Magic      | |  0.2

Action                   |  1- 3 |  4- 6 |  7- 9 | 10-12 | 13-15 | 16-18 || total
-------------------------+-------+-------+-------+-------+-------+-------++-------
Melee: Short sword       |       |       |    31 |       |       |       ||    31
       Punch             |       |       |     3 |       |       |       ||     3
 Fire: Shortbow          |   103 |   169 |   328 |   588 |   374 |       ||  1562
       Hand crossbow     |       |       |       |       |   628 |   465 ||  1093
 Cast: Blink             |       |       |       |       |     1 |     4 ||     5
       Wereblood         |       |       |       |       |     1 |     2 ||     3
Invok: Ancestor Identity |       |       |     2 |       |       |       ||     2
       Recall Ancestor   |       |       |     1 |     8 |    13 |     6 ||    28
       Ancestor Life: Kn |       |       |       |     1 |       |       ||     1
       Idealise          |       |       |       |       |     1 |     3 ||     4
  Use: Scroll            |       |       |    20 |    14 |    10 |     4 ||    48
       Potion            |       |       |     2 |       |     4 |     5 ||    11
Armor: Robe              |     3 |     6 |    16 |       |       |       ||    25
       Troll leather arm |       |       |       |     5 |     8 |    18 ||    31
Dodge: Dodged            |    20 |    44 |   116 |    66 |   228 |   225 ||   699
Block: Buckler           |       |       |       |       |    39 |    87 ||   126
